 Dungeon Crawl Stone Soup version 0.13.1-2-gfb2c2b7 (webtiles) character file.

15528 xqwzts the Bludgeoner (level 11, -13/90 (94) HPs)
             Began as a Minotaur Fighter on Dec 6, 2013.
             Was a Priest of the Shining One.
             Killed from afar by an electric eel (14 damage)
             ... with a bolt of electricity
             ... on Level 5 of the Lair of Beasts.
             The game lasted 01:32:59 (14750 turns).

xqwzts the Bludgeoner (Minotaur Fighter)           Turns: 14750, Time: 01:32:59

HP -13/90 (94)   AC 18     Str 28      XL: 11   Next: 96%
MP  12/12        EV  5     Int  5      God: the Shining One [***...]
Gold 486         SH 20     Dex 11      Spells:  0 memorised, 10 levels left

Res.Fire  : + . .   See Invis. : .   W - +1,+0 dwarf morningstar
Res.Cold  : . . .   Warding    : .   j - +0 plate armour
Life Prot.: + . .   Conserve   : .   c - +0 shield
Res.Poison: .       Res.Corr.  : .   (helmet restricted)
Res.Elec. : .       Clarity    : .   u - +0 elf cloak
Sust.Abil.: . .     Spirit.Shd : .   (no gloves)
Res.Mut.  : .       Stasis     : .   i - +0 pair of boots
Res.Rott. : .       Flight     : .   n - amulet of the gourmand
Gourmand  : +                        F - +5 ring of strength
                                     A - ring of protection from fire

@: glowing, somewhat resistant to hostile enchantments, extremely unstealthy
A: retaliatory headbutt, horns 2
a: Divine Shield, Renounce Religion


You were on level 5 of the Lair of Beasts.
You worshipped the Shining One. the Shining One was most pleased with you.
You were not hungry.

You visited 3 branches of the dungeon, and saw 14 of its levels.

You collected 616 gold pieces.
You spent 150 gold pieces at shops.

Inventory:

Hand weapons
 W - a +1,+0 dwarven morningstar (weapon)
Armour
 c - a +0 shield (worn)
 i - a +0 pair of boots (worn)
 j - a +0 plate armour (worn)
 u - a +0 elven cloak (worn)
 y - a +0 dwarven plate armour
 R - a +2 elven robe of cold resistance
Magical devices
 k - a wand of enslavement (21)
 C - a wand of frost (9)
 H - a wand of digging (8)
Comestibles
 f - 4 meat rations
 r - 2 bread rations
 D - an orange
 G - 3 pears
 I - 2 chokos
 N - a rotting chunk of sheep flesh
 O - 4 apples
Scrolls
 a - a scroll of summoning {unknown}
 b - 3 scrolls of remove curse
 d - 5 scrolls of teleportation
 e - 4 scrolls of recharging
 l - 4 scrolls of identify
 m - a scroll of random uselessness
 o - a scroll of enchant weapon I
 q - a scroll of immolation
 v - a scroll of enchant armour
 w - a scroll of fog
 z - a scroll of torment {unknown}
 E - 3 scrolls of amnesia
 M - a scroll of magic mapping
 Q - a scroll of curse armour {unknown}
 S - a scroll of fear
 T - a scroll of silence {unknown}
 V - a scroll of brand weapon {unknown}
 Y - a scroll of enchant weapon II {unknown}
Jewellery
 g - an uncursed ring of ice
 n - an amulet of the gourmand (around neck)
 A - a ring of protection from fire (left hand)
 F - a +5 ring of strength (right hand)
 P - an uncursed amulet of resist mutation
 U - an uncursed ring of see invisible
Potions
 h - a potion of magic
 p - 2 potions of mutation
 s - 3 potions of berserk rage
 t - 2 potions of brilliance
 x - a potion of curing
 B - a potion of restore abilities
 J - a potion of slowing
 K - a potion of paralysis {unknown}
 X - a potion of speed
 Z - 2 potions of confusion
Books
 L - a book of the Dragon

   Spells                             Type                      Level
   Flight                             Charms/Air                   3
   Cause Fear                         Hexes                        4
   Bolt of Fire                       Conjuration/Fire             6
   Dragon Form                        Transmutation                7
   Summon Dragon                      Summoning                    9


   Skills:
 - Level 10.1 Fighting
 + Level 15.1 Maces & Flails
 + Level 11.6 Armour
 - Level 6.0 Dodging
 - Level 3.9 Shields
 - Level 5.0 Invocations


You had 10 spell levels left.
You didn't know any spells.

Dungeon Overview and Level Annotations

Branches:
Dungeon (8/27)             Temple (1/1) D:4            Lair (5/8) D:8
 Spider (0/5) Lair:4
    Orc: D:6-11       Swamp: Lair:3-6    Shoals: Lair:3-6     Snake: Lair:3-6

Altars:
Ashenzari
Cheibriados
Elyvilon
Fedhas
Kikubaaqudgha
Makhleb
Nemelex Xobeh
Okawaru
Sif Muna
Trog
Vehumet
Xom
Yredelemnul
Zin
the Shining One

Shops:
D:4 ?


Innate Abilities, Weirdness & Mutations

You reflexively headbutt those who attack you in melee.
You have a pair of horns on your head.


Message History

The bolt of electricity misses you.
A jellyfish comes into view.
You see here 3 gold pieces.
You feel better.
The jellyfish quivers.
The spiny frog barely misses you.
The electric eel shoots out a bolt of electricity!
The bolt of electricity hits the electric eel.
The bolt of electricity hits you!
* * * LOW HITPOINT WARNING * * *
The bolt of electricity hits you!
* * * LOW HITPOINT WARNING * * *
The electric eel shoots out a bolt of electricity!
The bolt of electricity hits you!
* * * LOW HITPOINT WARNING * * *
The bolt of electricity hits you!
* * * LOW HITPOINT WARNING * * *
The electric eel shoots out a bolt of electricity!
The bolt of electricity hits you!
You die... .fP

P.. ## #.f ### #.f. ##.#
#.## ... ..## ##..# #..
##.P# #.P..
..####P..#######....
#.#.#.#.#.#.!.##f#.###...
.......F@.......>....)...
≈≈;.≈.#;≈≈#.≈≈...........
≈J≈≈≈≈≈≈≈≈≈.............
≈≈≈≈J;≈≈≈≈≈.............
≈≈≈≈≈≈≈≈≈≈≈≈.###........
≈≈≈≈≈≈≈≈≈.####.....#...
≈≈≈≈;≈≈≈.# ..........
≈≈≈≈≈≈≈.# #.........
≈≈.≈.. #........


You could see a spiny frog, 2 jellyfish and 4 electric eels.

Vanquished Creatures
  Fannar (Lair:1)
  2 hydras
  A griffon (Lair:3)
  2 black mambas (Lair:4)
  2 spiny frogs
  A fire drake (Lair:4)
  3 komodo dragons
  Prince Ribbit (D:8)
  4 basilisks
  A hungry ghost (D:8)
  A wandering mushroom (Lair:2)
  21 yaks
  A shark (Lair:3)
  5 necrophages (D:7)
  3 ice beasts
  8 porcupines
  A sky beast (D:8)
  3 ogres
  A black bear (D:8)
  An orc warrior (D:6)
  A centaur (D:8)
  Sigmund (D:5)
  5 crocodiles
  A giant slug (Lair:4)
  4 water moccasins (Lair:1)
  A boring beetle (Lair:4)
  11 giant frogs
  A wyvern zombie (D:7)
  A yak zombie (D:7)
  A hippogriff skeleton (D:5)
  4 jellyfish
  2 goliath beetles
  2 electric eels (Lair:2)
  3 crimson imps
  A jelly (D:6)
  7 hounds
  4 scorpions
  A centaur skeleton (D:5)
  An orc priest (D:6)
  6 big fish (Lair:2)
  A giant frog zombie (D:7)
  A gnoll shaman (D:8)
  2 orc wizards
  3 iguanas
  9 worker ants
  4 sheep
  A killer bee zombie (D:7)
  An ogre zombie (D:7)
  2 hound zombies
  A mummy (D:7)
  31 green rats
  12 adders
  14 gnolls
  A giant centipede (Lair:3)
  3 giant mites
  2 worms
  2 adder zombies
  An iguana zombie (D:7)
  2 scorpion zombies (D:7)
  2 giant eyeballs (D:5)
  8 giant geckos
  2 oozes (D:3)
  16 orcs
  A bat zombie (D:8)
  4 giant cockroaches
  16 hobgoblins
  31 jackals
  23 kobolds
  9 quokkas
  3 ball pythons
  20 bats
  A giant gecko zombie (D:7)
  7 giant newts
  20 goblins
  A goblin zombie (D:5)
  A jackal zombie (D:6)
  A kobold skeleton (D:7)
  An orc zombie (D:7)
  A quokka zombie (D:7)
  13 rats
  A rat skeleton (D:8)
  2 fungi (Lair:4)
398 creatures vanquished.

Vanquished Creatures (others)
  An ogre skeleton (D:5)
  2 fungi
  4 plants
7 creatures vanquished.

Grand Total: 405 creatures vanquished

Notes
Turn   | Place    | Note
--------------------------------------------------------------
     0 | D:1      | xqwzts, the Minotaur Fighter, began the quest for the Orb.
     0 | D:1      | Reached XP level 1. HP: 19/19 MP: 0/0
   135 | D:1      | Reached XP level 2. HP: 23/26 MP: 0/0
   183 | D:1      | Reached skill level 4 in Fighting
   922 | D:2      | Reached XP level 3. HP: 33/33 MP: 1/1
  1525 | D:3      | Noticed an ogre
  1530 | D:3      | Killed an ogre
  1530 | D:3      | Reached skill level 6 in Maces & Flails
  1530 | D:3      | Reached XP level 4. HP: 40/40 MP: 1/1
  1530 | D:3      | Reached XP level 5. HP: 46/46 MP: 1/1
  1878 | D:3      | Found a glowing golden altar of the Shining One.
  1889 | D:3      | Became a worshipper of the Shining One
  2764 | D:3      | Reached skill level 7 in Maces & Flails
  2958 | D:4      | Found a staircase to the Ecumenical Temple.
  2965 | Temple   | Entered the Ecumenical Temple
  3058 | D:4      | Reached XP level 6. HP: 51/53 MP: 2/2
  3241 | D:4      | Found Skutruwn's Magic Scroll Shoppe.
  3345 | D:4      | Bought a scroll of identify for 20 gold pieces
  3345 | D:4      | Bought a scroll of enchant weapon I for 55 gold pieces
  3345 | D:4      | Bought a scroll of enchant armour for 55 gold pieces
  3345 | D:4      | Bought a scroll of identify for 20 gold pieces
  3547 | D:4      | Found an iron altar of Okawaru.
  3620 | D:5      | Entered Level 5 of the Dungeon
  3632 | D:5      | Reached skill level 8 in Maces & Flails
  3738 | D:5      | Paralysed by a giant eyeball for 3 turns
  3752 | D:5      | Reached XP level 7. HP: 46/59 MP: 2/2
  3985 | D:5      | Noticed Sigmund
  4006 | D:5      | Reached skill level 9 in Maces & Flails
  4071 | D:6      | Acquired the Shining One's first power
  4178 | D:5      | Killed Sigmund
  4321 | D:5      | Paralysed by a giant eyeball for 2 turns
  4327 | D:5      | Paralysed by a giant eyeball for 3 turns
  4405 | D:5      | You fall through a shaft!
  4406 | D:8      | Noticed a yak
  4408 | D:8      | Noticed a yak
  4409 | D:8      | Noticed a yak
  4409 | D:8      | Noticed a yak
  4409 | D:8      | Noticed a basilisk
  4428 | D:8      | Killed a yak
  4428 | D:8      | Reached skill level 10 in Maces & Flails
  4463 | D:8      | Reached skill level 11 in Maces & Flails
  4463 | D:8      | Reached XP level 8. HP: 27/67 MP: 2/2
  4687 | D:8      | Noticed Prince Ribbit
  4697 | D:8      | Killed Prince Ribbit
  4942 | D:8      | Reached skill level 5 in Fighting
  4963 | D:8      | Reached skill level 5 in Armour
  4972 | D:8      | HP: 3/68 [gnoll shaman/halberd (6)]
  5009 | D:8      | HP: 3/68 [gnoll shaman/halberd (8)]
  5016 | D:8      | Noticed a yak
  5016 | D:8      | Noticed a yak
  5017 | D:8      | Noticed a yak
  5625 | D:7      | Reached XP level 9. HP: 41/71 MP: 3/3
  7693 | D:7      | Acquired the Shining One's second power
  8251 | D:8      | Killed a yak
  8251 | D:8      | Reached skill level 10 in Fighting
  8256 | D:8      | Killed a yak
  8256 | D:8      | Reached skill level 10 in Armour
  8256 | D:8      | Reached XP level 10. HP: 84/84 MP: 3/3
  8264 | D:8      | Killed a yak
  8264 | D:8      | Reached skill level 1 in Invocations
  8267 | D:8      | Killed a yak
  8274 | D:8      | Killed a yak
  8277 | D:8      | Killed a yak
  8341 | D:8      | Found a staircase to the Lair.
  8707 | D:8      | Killed a basilisk
  8931 | Lair:1   | Entered Level 1 of the Lair of Beasts
  9032 | Lair:1   | Reached skill level 12 in Maces & Flails
 10036 | D:8      | Reached skill level 5 in Invocations
 10151 | Lair:1   | Reached skill level 1 in Dodging
 10575 | Lair:1   | Noticed Fannar
 10597 | Lair:1   | Killed Fannar
 10597 | Lair:1   | Reached skill level 13 in Maces & Flails
 10997 | Lair:1   | Reached XP level 11. HP: 65/90 MP: 12/12
 12024 | Lair:3   | Reached skill level 5 in Dodging
 12279 | Lair:3   | Noticed a seven-headed hydra
 12302 | Lair:3   | Killed a seven-headed hydra
 12302 | Lair:3   | Reached skill level 14 in Maces & Flails
 13454 | Lair:4   | Found a hole to the Spider Nest.
 13578 | Lair:4   | Noticed a seven-headed hydra
 13588 | Lair:4   | Killed a seven-headed hydra
 14048 | Lair:4   | Reached skill level 15 in Maces & Flails
 14750 | Lair:5   | HP: 1/90 [electric eel/bolt of electricity (5)]
 14750 | Lair:5   | Killed from afar by an electric eel

Action                   |  1- 3 |  4- 6 |  7- 9 | 10-12 || total
-------------------------+-------+-------+-------+-------++-------
Melee: Mace              |   107 |   111 |       |       ||   218
       Flail             |       |    41 |   400 |   356 ||   797
       Morningstar       |       |       |       |   139 ||   139
  Use: Scroll            |       |    14 |    13 |     4 ||    31
       Potion            |       |       |     3 |     2 ||     5
